 Dungeon Crawl Stone Soup version 0.29.0-13-gc9e81de378 (webtiles) character file.

Game seed: 17450787427703634373

65 Anothat the Ducker (level 3, 0/30 HPs)
             Began as a Demigod Gladiator on Sept 9, 2022.
             Killed by divine providence
             ... invoked by an orc priest
              (9 damage)
             ... on level 3 of the Dungeon.
             The game lasted 00:02:20 (2171 turns).

Anothat the Ducker (Demigod Gladiator)              Turns: 2171, Time: 00:02:20

Health: 0/30       AC:  4    Str: 15    XL:     3   Next: 67%
Magic:  5/5        EV: 13    Int: 10    God:
Gold:   65         SH:  0    Dex: 19    Spells: 2/2 levels left

rFire   . . .      SeeInvis .   a - +0 long sword
rCold   . . .      Faith    .   (no shield)
rNeg    . . .      Spirit   .   b - +0 leather armour
rPois   .          Reflect  .   p - +1 hat
rElec   .          Harm     .   (no cloak)
rCorr   .          Rampage  .   (no gloves)
Will    .....                   (no boots)
Stlth   +.........              (no amulet)
HPRegen 0.10/turn               (no ring)
MPRegen 0.09/turn               (no ring)

@: no status effects
A: high MP 1, forlorn, divine attributes
a: no special abilities


You were on level 3 of the Dungeon.
You visited 1 branch of the dungeon, and saw 3 of its levels.

You collected 65 gold pieces.

Inventory:

Hand Weapons
 a - a +0 long sword (weapon)
Missiles
 d - 3 throwing nets (quivered)
 e - a javelin
Armour
 b - a +0 leather armour (worn)
 c - a +0 helmet
 g - a +1 ring mail of willpower
 p - a +1 hat (worn)
Scrolls
 f - 3 scrolls of teleportation {unknown}
 i - 2 scrolls of immolation {unknown}
 k - a scroll of enchant armour {unknown}
 l - a scroll of acquirement {unknown}
 o - a scroll of identify {unknown}
Potions
 h - a potion of curing {unknown}
 j - 3 potions of magic {unknown}
 m - a potion of flight {unknown}
 n - 3 potions of mutation {unknown}


   Skills:
 + Level 2.3 Fighting
 + Level 3.2 Long Blades
 + Level 2.4 Throwing
 + Level 3.2 Dodging


You had 2 spell levels left.
You didn't know any spells.
Your spell library was empty.

Dungeon Overview and Level Annotations

Branches:
Dungeon (3/15)


Innate Abilities, Weirdness & Mutations

You have an increased reservoir of magic. (+10% MP)
You shall have no god before yourself.
Your divine heritage dramatically boosts your attributes as you level up.


Message History

A frilled lizard is nearby!
There is a stone staircase leading up here.
An orc and an orc wizard come into view.
The orc shouts!
The orc wizard shouts!
You hear a shout!
A ball python comes into view.
An orc priest comes into view. It is wielding a +0 hand axe.
The orc priest shouts!
The frilled lizard hisses angrily.
An orc priest and a bat come into view.
The frilled lizard hisses.
The frilled lizard closely misses you.
You closely miss the frilled lizard.
The frilled lizard bites you but does no damage.
The orc priest looks encouraged for a moment.
The orc wizard casts a spell.
The orc wizard flickers and vanishes!
Deactivating autopickup; reactivate with Ctrl-A.
You slash the frilled lizard!
You kill the frilled lizard!
The bat misses you. The ball python barely misses you.
The ball python grabs you. The ball python constricts you.
You slash the orc!
You kill the orc!
The bat hits you but does no damage. The ball python bites you.
The ball python constricts you. The ball python bites you.
The ball python constricts you.
The ball python's grasp on you weakens, but your attempt to escape fails.
The bat hits you but does no damage. The ball python barely misses you.
The ball python constricts you.
The orc priest mumbles some strange prayers to Beogh against you.
Beogh smites you!
Ouch! That really hurt!
* * * LOW HITPOINT WARNING * * *
You escape the ball python's grasp.
The bat misses you. The bat hits you but does no damage. x2
There is a stone staircase leading up here.
The bat closely misses you. The bat misses you.
The ball python closely misses you. x2; The bat hits you but does no damage.
The orc priest mumbles some strange prayers to Beogh against you.
Beogh smites you!
You die...

.......####...#
........>..#.#
..##.##.###.#
.....####.##.##.# #.#
...........#.##.###.#
.......#.....#......#
.....b. #....#<.#####
....... #....#..#
....... #.@..#..#
#......##b#S.#..#######
.......oo..............
..####.##.#..##########
..S...#..# #....####..#
#.### #..# #. #..# #
....#


You could see 2 orc priests, a bat and a ball python.

Vanquished Creatures
  An adder (D:3)
  2 dart slugs (D:2)
  2 orcs
  3 ball pythons
  7 endoplasms
  A giant cockroach (D:3)
  6 goblins
  2 hobgoblins (D:1)
  A jackal (D:1)
  4 kobolds
  A quokka (D:1)
  9 bats
  A frilled lizard (D:3)
  7 rats
47 creatures vanquished.

Notes
Turn   | Place    | Note
-------+----------+-------------------------------------------
     0 | D:1      | Anothat the Demigod Gladiator began the quest for the Orb.
     0 | D:1      | Reached XP level 1. HP: 17/17 MP: 3/3
   236 | D:1      | Reached XP level 2. HP: 22/24 MP: 4/4
  1383 | D:2      | Reached XP level 3. HP: 26/29 MP: 5/5
  2171 | D:3      | Killed from afar by an orc priest

Illustrated notes

Levels and vault maps discovered:
D:1:      doesnt_arrival_eight_statues, layout_basic,
          hellmonk_ecumenical_altar_leap_of_faith, minmay_quantized
D:2:      layout_loops_cross
D:3:      layout_basic, ebering_ghost_sewer_d

Skill      XL: |  1  2 |
---------------+-------+-----
Throwing       | 2 |  2.4
Fighting       | 2 |  2.3
Long Blades    | 3 |  3.2
Dodging        | 3 |  3.2

Action                   || total
-------------------------++-------
Melee: Long sword        ||   144
 Stab: Sleeping          ||     2
Armor: Leather armour    ||    56
Dodge: Dodged            ||   129
